Zazza, neutral female human Tourist ------ |....-# #-...>|############## ######## ###----.-# ------.-- #------- # ##` #-.......| ##-.....| ### # #|.......| ##|.....| ---------------- # # #|........#####|..<..| |..............| ---------# # #|.....^.| #|.....| |..............| |.......|# # #|.......-#####|.....-######...............| |@......|# # #--------- |....{| |..............| |.@...$.|# # ## ------- ---------------- |.f.&.=.-# # # # --------- # # # # #### # #---------# #|........# #-.{.....| --------- # # Zazza the Sightseer Experience level: 4 Strength: 12 Dexterity: 9 Constitution: 16 Intelligence: 14 Wisdom: 7 Charisma: 18 Health: 0(29) Energy: 13(13) Def: 0 Gold: 0 Moves: 2185 Dungeon seed: WZ--j0WlmLmWrf-u Game ID: Zazza_1564641760 Your Inventory: Weapons a - 28 +2 darts (in quiver) u - 7 +0 darts w - a +1 orcish dagger (weapon in hand) Comestibles x - an uncursed egg Potions j - an uncursed potion of extra healing Rings K - an uncursed ring of levitation L - an uncursed ring of teleport control (on left hand) M - an uncursed ring of polymorph control N - an uncursed ring of see invisible P - a cursed ring of polymorph (on right hand) S - an uncursed ring of conflict Tools l - an expensive camera (0:28) m - an uncursed credit card v - an uncursed towel y - an uncursed bag of holding Contents of the bag of holding: an uncursed +0 Hawaiian shirt an uncursed +0 helmet 3 uncursed food rations an uncursed scroll of confuse monster an uncursed scroll of enchant weapon an uncursed scroll of identify a cursed scroll of identify an uncursed scroll of light 2 uncursed scrolls of magic mapping an uncursed potion of extra healing a potion of holy water an uncursed potion of water an uncursed sack an uncursed aquamarine stone 2 uncursed opals an uncursed worthless piece of yellow glass Spells and supernatural/magical abilities: Name Level Category Fail Memory W - pray for help -- divine ? -- Your skills at the end: Fighting Skills Weapon Skills dart [Basic] Spellcasting Skills Final Attributes: You were stridently aligned. You had teleport control. You were polymorphing. You are dead. Vanquished creatures: 2 small mimics a homunculus an iguana an acid blob 2 gas spores a large kobold 2 geckos 6 jackals 2 foxes a kobold a goblin 6 grid bugs 6 lichens a kobold zombie 3 newts 36 creatures vanquished. Voluntary challenges: You had been an atheist until turn 1845. You used a wielded weapon 5 times, starting on turn 1294. You read items or engraved 3 times, starting on turn 131. You never genocided any monsters. You never polymorphed an object. You changed form 3 times, starting on turn 1866. You used no wishes. You never split a pudding. You never wrote Elbereth's name. You violated your moral code, losing 2 points of alignment, starting on turn 987. Dungeon overview: The Dungeons of Doom: levels 1 to 4 Level 1 a long staircase Level 2 a fountain Level 3 <- You were here a jewelry store, some fountains Level 4 a long staircase History has recorded: On T:1 you entered the Dungeons of Doom to retrieve the Amulet of Yendor! On T:424 you reached level 2 of The Dungeons of Doom. On T:873 you reached level 3 of The Dungeons of Doom. On T:1013 you advanced to experience level 2. On T:1220 you reached level 4 of The Dungeons of Doom. On T:1484 you advanced to experience level 3. On T:1884 you advanced to experience level 4. Score breakdown: Gold: 0 ( 0 points) Experience: 4 levels ( 9649 points) Exploration: 4 levels ( 7.84%) ( 7348 points) Discoveries: 2 items ( 0.67%) ( 2457 points) Valuables value: (no points given unless you survive) Artifact value: 0 ( 0 points) Variety of kills: 15 monsters ( 3.94%) ( 5952 points) Turncount: 2185 turns ( -131 points) Survival: died (score multiplied by 80%) Total score: 20220 Latest messages: Tapper is blinded by the flash! Tapper drinks a fizzy potion! Tapper can see again. Tapper looks better. Tapper zaps a wand of magic missile! The magic missile hits you! The magic missile bounces! The magic missile hits you! The magic missile hits it. Tapper is blinded by the flash! Tapper zaps a wand of magic missile! The magic missile hits you! The magic missile bounces! The magic missile whizzes by you! The magic missile hits it. Tapper zaps a wand of magic missile! The magic missile hits you! You die... Tapper takes all your possessions. The sack is empty. Final status: Aloha Zazza the Tourist, killed by a magic missile... You died in The Dungeons of Doom on dungeon level 3 with 20220 points, and 0 pieces of gold, after 2185 moves. You were level 4 with a maximum of 29 hit points when you died.